 Dungeon Crawl Stone Soup version 0.32-a0-938-g40ac7a0f4d (webtiles) character file.

Game seed: 6206884909085551789

7098 smashvw the Skirmisher (level 10, -8/49 HPs)
             Began as a Spriggan Hunter on Apr 15, 2024.
             Was a Follower of Dithmenos.
             Killed from afar by an electric eel (11 damage)
             ... with a bolt of electricity
             ... in a bailey.
             The game lasted 00:22:36 (8233 turns).

smashvw the Skirmisher (Spriggan Hunter)            Turns: 8233, Time: 00:22:36

Health: -8/49      AC:  5    Str:  7    XL:     10   Next: 84%
Magic:  11/11      EV: 28    Int:  9    God:    Dithmenos [*.....]
Gold:   483        SH:  0    Dex: 23    Spells: 9/9 levels left

rFire   + + .        A - +0 orcbow
rCold   . . .        (shield currently unavailable)
rNeg    . . .        o - +3 robe of Card Tricks {rF++ Int-2}
rPois   .            (helmet restricted)
rElec   .            (no cloak)
rCorr   .            (gloves unavailable)
SInv    +            (boots unavailable)
Will    +....        (no amulet)
Stlth   +++++        k - +5 ring of evasion
HPRegen 0.28/turn    v - ring of flight
MPRegen 0.12/turn

%: no passive effects
@: flying, wreathed by umbra, very quick
A: very small, no large weapons, unfitting armour, see invisible, speed 3
a: Renounce Religion


You were in a bailey.
You worshipped Dithmenos.
Dithmenos was aware of your devotion.
You visited 2 branches of the dungeon, and saw 10 of its levels.
You also visited: Bailey.

You collected 483 gold pieces.

Inventory:

Hand Weapons
 a - a +0 shortbow
 A - a +0 orcbow (weapon)
 C - a +9 quarterstaff
Armour
 c - a +0 robe
 l - +0 steam dragon scales
 o - the +3 robe of Card Tricks (worn) {rF++ Int-2}
   (You found it on level 3 of the Dungeon)

   Int-2:     It affects your intelligence (-2).
   rF++:      It greatly protects you from fire.
Jewellery
 k - a +5 ring of evasion (left hand)
 m - a +5 ring of evasion
 v - a ring of flight (right hand)
 z - a ring of magical power
Wands
 p - a wand of iceblast (7)
 y - a wand of flame (18)
Scrolls
 b - a scroll of butterflies
 d - 2 scrolls of enchant armour
 e - 2 scrolls of enchant weapon
 f - a scroll of teleportation
 i - 2 scrolls of fog
 j - a scroll of immolation
 q - a scroll of vulnerability
 r - 2 scrolls of blinking
 s - 2 scrolls of noise {unknown}
 t - a scroll of brand weapon {unknown}
 u - a scroll of poison {unknown}
Potions
 g - 3 potions of enlightenment
 h - a potion of might
 n - 4 potions of haste
 w - a potion of resistance {unknown}
 x - a potion of curing {unknown}
 B - a potion of heal wounds
 D - 3 potions of attraction {unknown}


   Skills:
 + Level 3.5 Fighting
 + Level 14.7 Ranged Weapons
 + Level 7.7 Dodging
 + Level 8.4 Stealth


You had 9 spell levels left.
You didn't know any spells.
Your spell library contained the following spells:

 Spells                   Type           Power      Damage    Failure   Level
 Magic Dart               Conj           0%         1d3       38%         1
 Summon Small Mammal      Summ           0%         N/A       38%         1
 Cigotuvi's Dreadful Rot  Necr/Alch/Air  0%         N/A       52%         2
 Ensorcelled Hibernation  Hex/Ice        0%         N/A       52%         2
 Searing Ray              Conj           0%         2d4       52%         2
 Call Canine Familiar     Summ           0%         N/A       77%         3
 Fugue of the Fallen      Necr           0%         N/A       77%         3
 Ozocubu's Armour         Ice            0%         N/A       77%         3
 Passwall                 Erth           0%         N/A       77%         3
 Swiftness                Air            0%         N/A       77%         3
 Dispel Undead            Necr           0%         3d6       99%         4
 Fulminant Prism          Conj/Alch      0%         3d5       99%         4
 Martyr's Knell           Necr/Summ      0%         N/A       99%         4
 Summon Blazeheart Golem  Fire/Summ      0%         N/A       99%         4
 Manifold Assault         Tloc           0%         N/A       100%        7


Dungeon Overview and Level Annotations

Branches:
Dungeon (9/15)             Temple (1/1) D:6            Lair (0/5) D:8
    Orc (0/2) D:9          Bailey (1/1)

Altars:
Ashenzari
Dithmenos
Elyvilon
Fedhas
Gozag
Hepliaklqana
Kikubaaqudgha
Makhleb
Nemelex Xobeh
Okawaru
Qazlal
Ru
Sif Muna
Trog
Uskayaw
Vehumet
Wu Jian
Xom
Yredelemnul
Zin
The Shining One

Shops:
D:1 :

Annotations:
D:3 2 transporters, D0namaru's ghost, amateur DsNe
D:6 2 runed translucent doors, Ofeo's ghost, novice CoBr
D:7 2 transporters, horus123's ghost, novice DEEE


Innate Abilities, Weirdness & Mutations

You are very small and have problems with some larger weapons.
You are too small for most types of armour.
You have supernaturally acute eyesight. (SInv)
You cover ground extremely quickly. (Speed+++)


Message History

You shoot an arrow. The arrow hits the orc warrior!
You kill the orc warrior!
Dithmenos accepts your kill.
You reach down and open the door.
There is an open door here.
You now have 483 gold pieces (gained 15).
There is an open door here.
Things that are here:
a +0 war axe; a +0 ring mail; an orc corpse
Things that are here:
a +0 war axe; a +4 scale mail An electric eel comes into view.
You shoot an arrow. The arrow hits the electric eel.
The electric eel is moderately wounded.
The electric eel shoots out a bolt of lightning at you!
The bolt of electricity hits you!
Things that are here:
a +0 war axe; a +0 ring mail; an orc corpse The electric eel shoots out a bolt of lightning at you!
The bolt of electricity misses you.
You shoot an arrow.
The arrow barely misses the electric eel.
You shoot an arrow. The arrow hits the electric eel.
The electric eel is heavily wounded.
The electric eel shoots out a bolt of lightning at you!
The bolt of electricity hits you!
You are too injured to fight recklessly!
Things that are here:
a +0 war axe; a +0 ring mail; an orc corpse
There is an open door here.
The electric eel shoots out a bolt of lightning at you!
The bolt of electricity hits you!
* * * LOW HITPOINT WARNING * * *
The bolt of electricity hits you.
* * * LOW HITPOINT WARNING * * *
Things that are here:
a +0 war axe; a +0 ring mail; an orc corpse The electric eel shoots out a bolt of lightning at you!
The bolt of electricity hits you!
You die...

#≈≈≈≈≈~.# #≈≈≈≈≈~.#
#≈≈≈≈≈~∩. #≈≈≈≈≈~.#
#≈≈≈≈≈~.####
#≈≈≈≈≈~.#..#
#≈≈≈≈≈~.#?!# #≈≈≈≈S~)#
#≈≈≈≈≈#@####
#≈≈≈≈≈#.)..#
#≈≈≈≈≈#....+
#≈≈≈≈≈#'#..#############
#≈≈≈≈≈#.#..'............
#≈≈≈≈≈######~~~~~~~~~~~~
#≈≈≈≈≈ ≈≈≈≈≈≈≈≈≈≈≈≈≈≈≈≈
≈≈≈≈≈≈≈≈≈≈≈≈≈≈≈≈≈
≈≈≈≈≈≈≈≈≈≈≈≈≈≈≈≈≈≈


You could see an electric eel.

Vanquished Creatures
  Pikel (D:6)
  An orc sorcerer (Bailey)
  Joseph (D:8)
  Maggie (D:6)
  A gargoyle (D:7)
  A komodo dragon (D:8)
  A troll (D:9)
  Eustachio (D:6)
  A warg (D:9)
  2 wyverns
  Menkaure (D:6)
  4 ice beasts
  A sky beast (D:7)
  5 orc warriors
  3 black bears
  An ogre (D:6)
  5 centaurs
  A kobold brigand (D:6)
  A phantom (D:4)
  4 lemures (D:6)
  A bullfrog (D:7)
  A water moccasin zombie (D:4)
  2 gnoll sergeants
  3 scorpions
  13 wights
  2 electric eels (Bailey)
  4 howler monkeys
  2 bombardier beetles
  A bullfrog zombie (D:4)
  A jelly (D:4)
  5 orc priests
  5 hounds
  A gnoll bouda (D:5)
  5 iguanas
  2 sleepcaps
  Natasha (thrice) (D:4)
  2 orc wizards (D:9)
  A bullfrog simulacrum (D:4)
  2 hound skeletons (D:4)
  12 gnolls
  6 adders
  2 shadow imps (D:5)
  A spectral adder (D:4)
  2 ufetubi (D:7)
  4 ribbon worms
  2 dart slugs (D:2)
  18 orcs
  4 bats
  2 endoplasms
  A giant cockroach (D:1)
  4 goblins
  9 hobgoblins
  3 jackals (D:4)
  12 kobolds
  2 quokkas
  4 ball pythons
  2 frilled lizards (D:1)
  7 rats
190 creatures vanquished.

Vanquished Creatures (others)
  A gnoll (D:9)
1 creature vanquished.

Grand Total: 191 creatures vanquished

Notes
Turn   | Place    | Note
-------+----------+-------------------------------------------
     0 | D:1      | smashvw the Spriggan Hunter began the quest for the Orb.
     0 | D:1      | Reached XP level 1. HP: 10/10 MP: 2/2
    72 | D:1      | Found a faded altar of an unknown god.
   111 | D:1      | Reached XP level 2. HP: 15/15 MP: 3/3
   205 | D:1      | Found Piytteh's Book Emporium.
   543 | D:2      | Reached XP level 3. HP: 18/18 MP: 4/4
   655 | D:2      | Reached XP level 4. HP: 23/23 MP: 5/5
  1209 | D:3      | Identified the +3 robe of Card Tricks {rF++ Int-2}
  1297 | D:3      | Found a transporter.
  1341 | D:3      | Found a transporter.
  1345 | D:3      | Noticed D0namaru's ghost (amateur DsNe)
  1387 | D:3      | Reached skill level 5 in Ranged Weapons
  1466 | D:3      | Reached skill level 5 in Stealth
  1493 | D:3      | Reached XP level 5. HP: 26/26 MP: 6/6
  1925 | D:4      | Noticed a phantom
  1940 | D:4      | Killed a phantom
  1992 | D:4      | Reached XP level 6. HP: 30/30 MP: 7/7
  2064 | D:4      | Reached skill level 5 in Dodging
  2119 | D:4      | Noticed Natasha
  2139 | D:4      | Reached skill level 6 in Ranged Weapons
  2168 | D:4      | Killed Natasha
  2288 | D:4      | Reached XP level 7. HP: 22/35 MP: 8/8
  2362 | D:4      | Noticed Natasha
  2379 | D:4      | Killed Natasha
  2436 | D:4      | Identified the +7 dagger of the Dwarven Hall {pain, Will+}
  2517 | D:4      | Noticed Natasha
  2534 | D:4      | Killed Natasha
  2568 | D:4      | Found an iron altar of Okawaru.
  2756 | D:5      | Entered Level 5 of the Dungeon
  2873 | D:5      | Reached skill level 7 in Ranged Weapons
  3221 | D:5      | Found a stormy altar of Qazlal.
  3252 | D:5      | Reached skill level 8 in Ranged Weapons
  3373 | D:5      | Reached XP level 8. HP: 38/39 MP: 9/9
  3488 | D:5      | Found an ancient bone altar of Kikubaaqudgha.
  3644 | D:5      | Found a white marble altar of Elyvilon.
  3825 | D:6      | Reached skill level 9 in Ranged Weapons
  3946 | D:6      | Found a runed translucent door.
  3952 | D:6      | Noticed Eustachio
  3954 | D:6      | Noticed Ofeo's ghost (novice CoBr)
  3978 | D:6      | Noticed Menkaure
  4060 | D:6      | Reached skill level 10 in Ranged Weapons
  4067 | D:6      | Killed Eustachio
  4276 | D:6      | Reached skill level 11 in Ranged Weapons
  4276 | D:6      | Reached XP level 9. HP: 42/42 MP: 10/10
  4320 | D:6      | Killed Menkaure
  4465 | D:6      | Found a runed translucent door.
  4498 | D:6      | Noticed Maggie
  4516 | D:6      | Killed Maggie
  4517 | D:6      | Reached skill level 12 in Ranged Weapons
  4660 | D:6      | Noticed Pikel
  4756 | D:6      | Killed Pikel
  4777 | D:6      | Found a staircase to the Ecumenical Temple.
  4795 | Temple   | Entered the Ecumenical Temple
  4823 | Temple   | Became a worshipper of Dithmenos the Shadowed
  4861 | D:6      | Identified the +8 ring mail of the Pits of Slime {Int+4}
  4881 | D:6      | Found a glowing golden altar of the Shining One.
  5003 | D:7      | Reached skill level 13 in Ranged Weapons
  5204 | D:7      | Found a transporter.
  5340 | D:7      | Noticed a gargoyle
  5347 | D:7      | Killed a gargoyle
  5448 | D:7      | Found a faded altar of an unknown god.
  5450 | D:7      | Found a hazy altar of Hepliaklqana.
  5477 | D:7      | Noticed horus123's ghost (novice DEEE)
  5563 | D:7      | Found a transporter.
  5684 | D:7      | Reached XP level 10. HP: 46/46 MP: 11/11
  6095 | D:8      | Noticed Joseph
  6128 | D:8      | Killed Joseph
  6129 | D:8      | Reached skill level 14 in Ranged Weapons
  6225 | D:8      | Found a staircase to the Lair.
  6425 | D:8      | Found a shimmering blue altar of Sif Muna.
  6426 | D:8      | Found a hide-covered altar of Uskayaw.
  7133 | D:9      | Reached * piety under Dithmenos
  7235 | D:9      | Found a staircase to the Orcish Mines.
  7600 | D:9      | Found a shimmering altar of Xom.
  7646 | D:9      | Identified the +6 flail of an ice cave {heavy, rC+ Int+2
                  | Dex-2}
  7762 | D:9      | Found an opulent altar of Gozag.
  7851 | D:9      | Found a flagged portal.
  7859 | Bailey   | Entered a bailey
  8121 | Bailey   | Noticed an orc sorcerer
  8130 | Bailey   | Noticed a sixfirhy
  8135 | Bailey   | Killed an orc sorcerer
  8233 | Bailey   | Killed from afar by an electric eel

Illustrated notes

Levels and vault maps discovered:
D:1:      psy_arrival_terrarium, layout_rooms, serial_shops, shop,
          basic_ecumenical_altar, minmay_crystal_room,
          wander_ebering_terrifying_dragon_lair
D:2:      layout_loops_ring
D:3:      layout_basic, gammafunk_ghost_mausoleum
D:4:      layout_loops_ring, okawaru_metal_pillars_1_2,
          dilly_guarded_unrand_morg
D:5:      layout_loops_cross, mainiacjoe_overflow_paths, marbit_many_paths,
          nicolae_elyvilon_temple_path, kennysheep_potato
D:6:      layout_rooms, tso_altar, minmay_temple_entry_trees,
          ebering_ghost_sewer_f, grunt_ministairs_14,
          dreamdust_princess_corridor, uniq_maggie, uniq_pikel, uniq_eustachio,
          uniq_menkaure
D:7:      layout_basic, beargit_hepliaklqana_dungeon_heroes,
          gammafunk_ghost_arena, interstate_on_off
D:8:      layout_loops_ring, mainiacjoe_overflow_divided_tiny,
          david_lair_shrubbed, uniq_joseph
D:9:      layout_loops_ring, mainiacjoe_overflow_brackets, grunt_gozag_statues,
          general_overflow_altar, david_orc_1_choice, enter_bailey_4
Temple:   grunt_temple_mini_profane
Bailey:   bailey_axe_of_yendor_kennysheep, bailey

Skill      XL: |  1  2  3  4  5  6  7  8  9 10 |
---------------+-------------------------------+-----
Stealth        | 2 3 4 5 6 8 |  8.4
Dodging        | 3 4 5 6 7 |  7.7
Fighting       | 2 3 |  3.5
Ranged Weapons | 5 6 8 11 13 14 | 14.7

Action                     |  1- 3 |  4- 6 |  7- 9 | 10-12 || total
---------------------------+-------+-------+-------+-------++-------
   Fire: Shortbow          |    85 |   196 |   344 |       ||   625
         Orcbow            |       |       |   148 |   301 ||   449
    Use: Potion            |       |       |     6 |       ||     6
         Scroll            |       |       |       |     7 ||     7
 Armour: Robe              |     7 |    21 |    82 |    38 ||   148
  Dodge: Dodged            |    22 |    89 |   325 |   147 ||   583

Table legend: (Time is in decaauts)
 A = Elapsed time spent in this place.
 B = Non-inter-level travel time spent in this place.
 C = Inter-level travel time spent in this place.
 D = Time resting spent in this place.
 E = Time spent auto-exploring this place.
 F = Levels seen in this place.
 G = Mean time per level.
                   A        B        C        D        E       F      G
               +--------+--------+--------+--------+--------+-----+--------+
         Total |   5906 |   5733 |    173 |      0 |   4132 |  11 |  536.9 |
       Dungeon |   5540 |   5397 |    143 |      0 |   3850 |   9 |  615.6 |
        Temple |     34 |      5 |     29 |      0 |      0 |   1 |   34.0 |
        Bailey |    331 |    331 |      0 |      0 |    282 |   1 |  331.0 |
               +--------+--------+--------+--------+--------+-----+--------+

Top non-repeatable levels by time:
     D:6: 897 daAuts
     D:8: 719 daAuts
     D:7: 717 daAuts
     D:4: 705 daAuts
     D:5: 699 daAuts
     D:9: 580 daAuts
     D:3: 500 daAuts
     D:2: 416 daAuts
  Bailey: 331 daAuts
     D:1: 303 daAuts
  Temple: 34 daAuts
